 Dungeon Crawl Stone Soup version 0.14-a0-2564-g94087c3 (webtiles) character file.

12928 MackTheKnife the Martial Artist (level 11, -6/57 HPs)
             Began as a Vine Stalker Monk on Feb 6, 2014.
             Was a High Priest of Trog.
             Mangled by a six-headed hydra (7 damage)
             ... while paralysed
             ... on Level 3 of the Lair of Beasts on Feb 11, 2014.
             The game lasted 00:27:50 (9716 turns).

MackTheKnife the Martial Artist (Vine Stalker Monk) Turns: 9716, Time: 00:27:52

HP  -6/57        AC  7     Str 15      XL: 11   Next: 94%
MP   0/15        EV  2     Int 12      God: Trog [*****.]
Gold 436         SH  0     Dex 19      Spells:  0 memorised, 10 levels left

rFire  . . .     SeeInvis .       - Unarmed
rCold  . . .     Clarity  .     y - +0 elf leather armour
rNeg   . . .     Conserve .     (no shield)
rPois  +         rCorr    .     (no helmet)
rElec  .         rRot     +     H - +1 cloak
SustAb . .       Spirit   +     d - +0 pair of gloves
rMut   .         Warding  .     (no boots)
Saprov . . .     Stasis   .     (no amulet)
MR     +....                    (no ring)
                                w - ring of poison resistance

@: paralysed, exhausted, slowed, somewhat resistant to hostile enchantments,
very stealthy
A: fangs 3, molten scales 1, clever 1, frail 1, regeneration 2, wild magic 2,
evolution 1, magic shield, antimagic bite, no device heal
a: Burn Spellbooks, Berserk, Trog's Hand, Brothers in Arms, Renounce Religion


You were on level 3 of the Lair of Beasts.
You worshipped Trog.
Trog was extremely pleased with you.
You were hungry.

You visited 2 branches of the dungeon, and saw 15 of its levels.
You also visited: Ossuary.

You collected 572 gold pieces.
You spent 136 gold pieces at shops.


Innate Abilities, Weirdness & Mutations

You have razor-sharp teeth.
You heal very quickly.
When hurt, damage is shared between your health and your magic reserves.
Your bite disrupts and absorbs the magic of your enemies.
Potions and wands cannot restore your HP.
You are partially covered in molten scales (AC +1).
Your mind is acute. (Int +2)
You are frail (-10% HP).
Your spells are harder to cast, but more powerful.
You evolve.


   Skills:
 - Level 10.6 Fighting
 + Level 6.9 Dodging
 - Level 8.1 Stealth
 - Level 12.0 Unarmed Combat


You had 10 spell levels left.
You didn't know any spells.

Inventory:

Armour
 d - a +0 pair of gloves (worn)
 y - a +0 elven leather armour (worn)
 H - a +1 cloak (worn)
Magical devices
 i - a wand of digging (21)
 t - a wand of disintegration (13)
 x - a wand of cold (4)
 C - a wand of draining (8)
Comestibles
 b - an apple
 l - a choko
 m - an orange
 r - 7 bread rations
 s - 6 beef jerkies
 u - 4 meat rations
 v - a pear
 G - 11 strawberries
Scrolls
 c - 8 scrolls of remove curse
 e - 4 scrolls of identify
 g - a scroll of teleportation
 h - 3 scrolls of blinking
 k - 5 scrolls of magic mapping
 E - a scroll of fear
 F - a scroll of enchant weapon I
 J - a scroll of enchant armour
Jewellery
 w - a ring of poison resistance (left hand)
Potions
 f - 8 potions of curing
 n - 3 potions of agility
 o - a potion of magic
 p - a potion of resistance
 q - a potion of speed
 z - a potion of brilliance
 A - 3 potions of restore abilities
 B - a potion of lignification
 D - 5 potions of might
Miscellaneous
 a - a lamp of fire
 I - a phial of floods

····· ▒·····▒▒▒
····· £·········
······ ▒········▒
·····▒▒▒▒▒····▒▒·▒▒
·····▒▒··▒···D)▒··▒
··?··············▒
·f·▒·▒▒··▒····PO·▒
······▒▒········D▒
···▒···▒······▒▒P▒
···▒·········?▒··▒
··········▒·f··▒··
▒▒·▒·······)·▒····▒
·····▒·▒·▒··P▒▒▒·▒▒
······▒▒▒▒▒···▒··▒
·····[··▒▒▒····▒··
·····▒············
··················


You could see a six-headed hydra, a four-headed hydra and a friendly ogre
(berserk).


Message History

You feel yourself moving faster!
You feel mighty!
You feel somewhat more hungry. The six-headed hydra bites your ogre.
The six-headed hydra bites your ogre. The six-headed hydra bites your ogre!
You feel a strong urge to attack something.
The six-headed hydra completely misses you.
The six-headed hydra bites you! The six-headed hydra misses you.
The six-headed hydra bites you! The six-headed hydra bites you!
* * * LOW HITPOINT WARNING * * *
The six-headed hydra bites you but does no damage.
The six-headed hydra bites you.
* * * LOW HITPOINT WARNING * * *
The six-headed hydra bites you!
* * * LOW HITPOINT WARNING * * *
The six-headed hydra bites you!
* * * LOW HITPOINT WARNING * * *
Your ogre hits the six-headed hydra with a giant club!
You feel your anger subside.
You are no longer berserk.
You pass out from exhaustion.
You feel yourself slow down.
You are feeling hungry.
The six-headed hydra bites you!
* * * LOW HITPOINT WARNING * * *
The six-headed hydra bites you.
* * * LOW HITPOINT WARNING * * *
The six-headed hydra bites you.
* * * LOW HITPOINT WARNING * * *
The six-headed hydra bites you. The six-headed hydra bites you!
You die...

Action                   |  1- 3 |  4- 6 |  7- 9 | 10-12 || total
-------------------------+-------+-------+-------+-------++-------
Melee: Unarmed           |   116 |    99 |   395 |   331 ||   941
Invok: Trog's Hand       |       |     1 |     3 |     3 ||     7
       Berserk           |       |     3 |     8 |    12 ||    23
       Brothers in Arms  |       |       |       |     8 ||     8
       Burn Spellbooks   |       |       |       |     2 ||     2
Evoke: Wand              |       |       |     1 |     5 ||     6
  Use: Scroll            |       |       |    23 |    10 ||    33
       Potion            |       |       |     2 |       ||     2
 Stab: Sleeping          |     4 |     3 |    13 |    18 ||    38

Vault maps used:
D:1:      dpeg_arrival_caged_fury, serial_glass, glass_columns_a,
          glass_columns_a, glass_columns_a, glass_columns_a, due_unseen_surprise
D:2:      wad_river_or_something, general_overflow_altar,
          gammafunk_temple_overflow_elements, tgw_trog
D:3:      first_bread, st_stairs_1
D:4:      lemuel_coloured_pillars_altar, enter_ossuary_4
D:5:      minmay_temple_entry_crystal_x, serial_gnoll_camp,
          gnoll_camp_medium_02, gnoll_camp_mini_doghouse, gnoll_camp_mini_hut,
          gnoll_camp_mini_hut, kennysheep_mini_moat, grunt_decor_one_mirror
D:6:      wad_crossroads, tgw_xom
D:7:      grunt_ogre_cave, fedhas_altar_1
D:8:      serial_shops, nicolae_shop_trees
D:9:      david_lair_shrubbed
D:10:     orc_0_dummy
D:12:     spider_trap
Lair:1:   eino_small_chamber_without_monster, st_stairs_9, serial_bayou_shore_a,
          infiniplex_staircase_pool_2, uniq_gastronok
Lair:2:   infiniplex_staircase_pool, lemuel_strawberry_fields,
          lemuel_fruit_tree, uniq_erica
Lair:3:   uniq_fannar
Ossuary:  ossuary_crypta

Notes
Turn   | Place    | Note
--------------------------------------------------------------
     0 | D:1      | MackTheKnife, the Vine Stalker Monk, began the quest for the Orb.
     0 | D:1      | Reached XP level 1. HP: 11/11 MP: 1/1
   642 | D:1      | Upgraded the game from 0.14-a0-2443-g5aee772 to 0.14-a0-2564-g94087c3
   705 | D:2      | Reached XP level 2. HP: 16/16 MP: 3/3
   774 | D:2      | Noticed a moth of wrath
   776 | D:2      | Found a bloodstained altar of Trog.
   817 | D:2      | Became a worshipper of Trog the Wrathful
   817 | D:2      | Acquired Trog's first power
   817 | D:2      | Acquired Trog's second power
   896 | D:2      | Found a white marble altar of Elyvilon.
   967 | D:2      | Reached skill level 5 in Unarmed Combat
   967 | D:2      | Reached XP level 3. HP: 13/19 MP: 1/4
  1245 | D:2      | Found a blossoming altar of Fedhas.
  1245 | D:2      | Found a sparkling altar of Nemelex Xobeh.
  1408 | D:3      | Reached XP level 4. HP: 20/23 MP: 5/5
  1735 | D:3      | Reached skill level 6 in Unarmed Combat
  2128 | D:3      | Reached XP level 5. HP: 27/27 MP: 7/7
  2577 | D:4      | Noticed an ogre
  2590 | D:4      | Killed an ogre
  2590 | D:4      | Reached skill level 7 in Unarmed Combat
  2653 | D:4      | Gained mutation: You heal very quickly. [vine stalker growth]
  2653 | D:4      | Reached XP level 6. HP: 30/32 MP: 6/8
  2725 | D:4      | Found a deep blue altar of Sif Muna.
  2786 | D:4      | Noticed a phantom
  2815 | D:4      | Killed a phantom
  2815 | D:4      | Reached skill level 3 in Dodging
  2841 | D:4      | Noticed a hippogriff
  2849 | D:4      | Killed a hippogriff
  2849 | D:4      | Reached skill level 4 in Dodging
  2849 | D:4      | Reached XP level 7. HP: 26/35 MP: 3/9
  3232 | D:4      | Noticed an ogre
  3239 | D:4      | Killed an ogre
  3379 | D:4      | Found a sand-covered staircase.
  3394 | Ossuary  | Entered an ossuary
  3436 | Ossuary  | Reached skill level 5 in Dodging
  3673 | Ossuary  | Gained mutation: You are partially covered in molten scales (AC +1). [potion of mutation]
  3673 | Ossuary  | Gained mutation: You are frail (-10% HP). [potion of mutation]
  3673 | Ossuary  | Gained mutation: Your mind is acute. (Int +2) [potion of mutation]
  3679 | Ossuary  | Gained mutation: You digest meat inefficiently. [potion of mutation]
  3679 | Ossuary  | Gained mutation: You evolve. [potion of mutation]
  3737 | D:5      | Entered Level 5 of the Dungeon
  3795 | D:5      | Gained mutation: Your spells are a little harder to cast, but a little more powerful. [evolution]
  3874 | D:5      | Gained mutation: You have razor-sharp teeth. [vine stalker growth]
  3874 | D:5      | Reached XP level 8. HP: 29/35 MP: 9/11
  3979 | D:5      | Found Veighit's Magic Scroll Emporium.
  3982 | D:5      | Bought a scroll of curse jewellery for 26 gold pieces
  3982 | D:5      | Bought a scroll of teleportation for 39 gold pieces
  3982 | D:5      | Bought a scroll of blinking for 71 gold pieces
  4128 | D:5      | Found a staircase to the Ecumenical Temple.
  4140 | D:5      | Reached skill level 6 in Dodging
  4178 | D:5      | Reached skill level 3 in Stealth
  4186 | D:5      | Reached skill level 4 in Stealth
  4368 | D:5      | Reached skill level 5 in Stealth
  4369 | D:5      | Acquired Trog's third power
  4725 | D:6      | Reached skill level 6 in Stealth
  4846 | D:6      | Reached skill level 7 in Stealth
  5054 | D:6      | Reached skill level 8 in Stealth
  5154 | D:6      | Gained mutation: Your spells are harder to cast, but more powerful. [evolution]
  5200 | D:6      | Reached XP level 9. HP: 24/38 MP: 9/12
  5291 | D:6      | Reached skill level 8 in Unarmed Combat
  5295 | D:6      | Found a shimmering altar of Xom.
  5557 | D:7      | Found a blossoming altar of Fedhas.
  5579 | D:7      | Reached skill level 9 in Unarmed Combat
  5964 | D:8      | Paralysed by a yellow wasp for 1 turns
  5967 | D:8      | Reached skill level 10 in Unarmed Combat
  6190 | D:8      | Lost mutation: You digest meat inefficiently. [evolution]
  6257 | D:8      | Reached skill level 11 in Unarmed Combat
  6334 | D:8      | Reached XP level 10. HP: 42/42 MP: 13/13
  6666 | D:8      | Found Omeo's Assorted Antiques.
  6874 | D:9      | Found a staircase to the Lair.
  7285 | D:9      | Reached skill level 12 in Unarmed Combat
  7549 | D:10     | Entered Level 10 of the Dungeon
  7566 | D:10     | Reached skill level 3 in Fighting
  7663 | D:10     | Found a staircase to the Orcish Mines.
  7679 | D:10     | Reached skill level 4 in Fighting
  7685 | D:10     | Noticed a hill giant
  7696 | D:10     | Killed a hill giant
  7699 | D:10     | Reached skill level 5 in Fighting
  7711 | D:10     | Noticed a hill giant
  7729 | D:10     | Killed a hill giant
  7815 | D:10     | Reached skill level 6 in Fighting
  8026 | D:10     | You fall through a shaft for 2 floors!
  8258 | D:9      | Reached skill level 7 in Fighting
  8270 | Lair:1   | Entered Level 1 of the Lair of Beasts
  8272 | Lair:1   | Reached XP level 11. HP: 44/52 MP: 13/15
  8287 | Lair:1   | Noticed Gastronok
  8301 | Lair:1   | Killed Gastronok
  8301 | Lair:1   | Reached skill level 8 in Fighting
  8499 | Lair:1   | Reached skill level 9 in Fighting
  9057 | Lair:2   | Noticed Erica
  9068 | Lair:2   | Killed Erica
  9068 | Lair:2   | Reached skill level 10 in Fighting
  9376 | Lair:2   | Received a gift from Trog
  9607 | Lair:3   | Noticed Fannar
  9629 | Lair:3   | Killed Fannar
  9706 | Lair:3   | Noticed a six-headed hydra
  9710 | Lair:3   | Noticed a four-headed hydra
  9716 | Lair:3   | HP: 5/57 [six-headed hydra (5)]
  9716 | Lair:3   | HP: 1/57 [six-headed hydra (2)]
  9716 | Lair:3   | Mangled by a six-headed hydra

Vanquished Creatures
  Gastronok (Lair:1)
  Fannar (Lair:3)
  Erica (Lair:2)
  A hill giant (D:10)
  An item mimic (Lair:1)
  A spiny frog (Lair:2)
  A komodo dragon (D:9)
  A troll (D:10)
  A centaur skeleton (D:10)
  A blink frog (Lair:3)
  A two-headed ogre (D:8)
  A wyvern (D:10)
  8 yaks (Lair:1)
  3 hippogriffs
  2 hungry ghosts
  3 ice beasts
  2 porcupines
  3 sky beasts
  2 phantoms
  2 orc warriors
  5 ogres
  A yellow wasp (D:8)
  2 centaurs
  2 crocodiles
  A giant slug (Lair:2)
  13 giant frogs
  2 water moccasins
  A gnoll sergeant (D:5)
  3 killer bees (D:10)
  5 crimson imps
  A giant frog zombie (D:6)
  2 centaur zombies
  5 wights (D:10)
  7 hounds
  An orc priest (D:7)
  2 jellies
  2 scorpions
  6 orc wizards
  3 iguanas
  3 worker ants
  5 sheep (Lair:2)
  A big kobold zombie (Ossuary)
  5 mummies (Ossuary)
  9 gnolls (D:5)
  11 adders
  A giant centipede (D:8)
  2 giant mites
  17 green rats (Lair:1)
  6 worms
  A giant eyeball (D:9)
  20 orcs
  A bat skeleton (D:7)
  6 giant cockroaches
  11 hobgoblins
  11 jackals
  6 quokkas
  A ball python (D:3)
  16 bats
  11 giant geckos
  9 giant newts
  A giant spore (D:9)
  A gnoll zombie (Ossuary)
  9 goblins
  A goblin zombie (D:4)
  3 hobgoblin zombies
  10 kobolds
  2 kobold zombies (Ossuary)
  An orc zombie (Ossuary)
  A quokka zombie (D:4)
  20 rats
  A rat skeleton (D:5)
  A ballistomycete (D:9)
305 creatures vanquished.

Vanquished Creatures (collateral kills)
  A hill giant (D:10)
  2 blink frogs (Lair:3)
  2 sharks (Lair:2)
  A big kobold (D:10)
  A water moccasin (Lair:2)
  2 electric eels (Lair:2)
  2 killer bees (D:10)
  A jellyfish (Lair:2)
  An orc skeleton (D:10)
  2 kobolds (D:10)
15 creatures vanquished.

Vanquished Creatures (others)
  A spiny frog (Lair:2)
  A two-headed ogre (D:10)
  2 ogres (D:10)
  A kobold (D:10)
  A plant (D:9)
6 creatures vanquished.

Grand Total: 326 creatures vanquished
